[Event "32nd NATO Chess Championship"]
[Site "Tartu, Estonia"]
[Date "2022.06.27"]
[Round "1.33"]
[White "Ross, David C"]
[Black "Aagaard, Gert"]
[Result "0-1"]
[TimeControl "90 min + 30 sec increment from move one"]
[WhiteFideId "417572"]
[BlackFideId "1427024"]
[WhiteElo "1677"]
[BlackElo "1979"]

1. e4 c5 2. Nf3 Nc6 3. Bd3 g6 4. c3 Bg7 5. O-O d6 6. Bc2 Nf6 7. h3 O-O 8. d4 cxd4 9. Nxd4 Nd7 10. Be3 Nde5 11. Nd2 Bd7 12.
f4 Nxd4 13. Bxd4 Nc6 14. Bxg7 Kxg7 15. Kh2 Qc7 16. Kh1 Rac8 17. Nf3 Kg8 18. f5 Na5 19. Qc1 Kg7 20. Nd4 Nc4 21. Qg5 f6 22. Qc1 Ne5 23. Ba4 Nc6 24.
Bb3 Qb6 25. Qd2 Ne5 26. Qe2 a5 27. Be6 Rh8 28. Bxd7 Nxd7 29. Rad1 Kf7 30. Rd2 Qc5 31. Qg4 Qc4 32. Rdf2 Ne5 33.
Qg3 g5 34. Nf3 Nd3 35. Rd2 Nf4 36. Qf2 h5 37. Rd4 Qe2 38. Ng1 Qa6 0-1

[Event "32nd NATO Chess Championship"]
[Site "Tartu, Estonia"]
[Date "2022.06.27"]
[Round "1.34"]
[White "Stankowski, Aleksander"]
[Black "O`byrne, Daniel"]
[Result "1-0"]
[TimeControl "90 min + 30 sec increment from move one"]
[WhiteFideId "1137603"]
[BlackFideId "440825"]
[WhiteElo "1971"]
[BlackElo "1664"]

1. Nf3 d5 2. g3 Bf5 3. Bg2 c6 4. O-O Qd7 5. Re1 f6 6. d3 e5 7. Nc3 Bb4 8. Bd2 Ne7 9. e4 Bg4 10. exd5 cxd5 11. h3 Bxh3 12.
Nxe5 fxe5 13. Qh5+ g6 14. Qxh3 Qxh3 15. Bxh3 Nbc6 16. a3 Bc5 17. b4 Bb6 18. Kg2 O-O 19. Rf1 Nd4 20. Rac1 Kg7 21. Bg5 Ndc6 22. Be6 d4 23. Ne4 h6 24.
Bd2 a6 25. Rh1 g5 26. Rh5 Kg6 27. Rch1 Rh8 28. Bxg5 Nd8 29. Bb3 Nf5 30. g4 Ng7 31. Rxh6+ 1-0

[Event "32nd NATO Chess Championship"]
[Site "Tartu, Estonia"]
[Date "2022.06.27"]
[Round "1.35"]
[White "Chapman, Chas"]
[Black "Pirs, Matjaz"]
[Result "0-1"]
[TimeControl "90 min + 30 sec increment from move one"]
[WhiteFideId "443468"]
[BlackFideId "14606941"]
[WhiteElo "1646"]
[BlackElo "1965"]

1. e4 e5 2. Nf3 Nf6 3. Nc3 Nc6 4. Bc4 Be7 5. a3 d6 6. h3 O-O 7. d3 h6 8. O-O Be6 9. Ba2 Bxa2 10. Rxa2 d5 11. b4 a6 12. Bb2 d4 13.
Ne2 Qd7 14. c3 dxc3 15. Bxc3 Qe6 16. Qb1 Rad8 17. Rd2 Bd6 18. Rfd1 Rfe8 19. Qa2 Qc8 20. Ng3 g6 21. Re1 Re6 22. d4 exd4 23. Nxd4 Nxd4 24. Bxd4 Bf4 25.
Rd3 Bxg3 26. fxg3 Nxe4 27. Qb2 Kh7 28. Rde3 Ng5 29. Rxe6 Nxe6 30. Bf6 Re8 31. Qf2 Qd7 32. Bc3 Qe7 33.
Qe3 Qf8 34. Qe4 c6 35. Rf1 f5 36. Qf3 Nc7 37. g4 Nd5 38. Bb2 f4 39. Qd3 Qe7 40. Bd4 Qe4 41. Qxe4 Rxe4 42. Bf2 g5 43.
Re1 Rxe1+ 44. Bxe1 Kg6 45. Bf2 h5 46. gxh5+ Kxh5 47. Bc5 b6 48. Bd4 g4 49. hxg4+ Kxg4 50. Kf2 Kf5 51. Kf3 a5 52. bxa5 bxa5 53. Bc5 a4 54. Bd6 Kg5 55. Bc5 Kf6 56.
Bd6 Kf5 57. Bc5 Ke5 58. g4 fxg3 59. Kxg3 Ke4 60. Kf2 Kd3 61. Kf3 Nc3 62. Kf4 Ne4 63. Ke5 Nxc5 0-1

[Event "32nd NATO Chess Championship"]
[Site "Tartu, Estonia"]
[Date "2022.06.27"]
[Round "1.36"]
[White "Cheung, Jan"]
[Black "Windey, Luc"]
[Result "1-0"]
[TimeControl "90 min + 30 sec increment from move one"]
[WhiteFideId "1010735"]
[BlackFideId "249220"]
[WhiteElo "1964"]
[BlackElo "1624"]

1. d4 d5 2. c4 dxc4 3. e4 c6 4. Bxc4 Nf6 5. Nc3 g6 6. Nge2 Bg7 7. O-O O-O 8. f3 Nbd7 9. e5 Ne8 10. f4 Nb6 11. Bb3 Nc7 12. Ng3 Ncd5 13.
f5 a5 14. a3 Nxc3 15. bxc3 a4 16. Ba2 Nd5 17. Bd2 b5 18. Qc2 Qb6 19. Kh1 Rd8 20. e6 Bf6 21. Rae1 Ra7 22. Bb1 g5 23. Ne4 h6 24. Qd1 fxe6 25. fxe6 Bg7 26. Qh5 Bxe6 27. Nxg5 Nf6 28.
Rxf6 exf6 29. Nxe6 1-0

[Event "32nd NATO Chess Championship"]
[Site "Tartu, Estonia"]
[Date "2022.06.27"]
[Round "1.37"]
[White "Rizihs, Valerijs"]
[Black "Balmaceda, Enrico"]
[Result "1/2-1/2"]
[TimeControl "90 min + 30 sec increment from move one"]
[WhiteFideId "11603380"]
[BlackFideId "2089785"]
[WhiteElo "1619"]
[BlackElo "1958"]

1. d4 Nf6 2. Nc3 d5 3. Bf4 c6 4. e3 Bf5 5. f3 e6 6. g4 Bg6 7. h4 h6 8. Bd3 Bxd3 9. Qxd3 Be7 10.
Nge2 Nfd7 11. Bg3 Qa5 12. e4 Na6 13. a3 b5 14. O-O Qd8 15. h5 O-O 16. e5 Nc7 17. f4 a6 18. f5 c5 19. Kg2 cxd4 20. Nxd4 Nc5 21.
Qf3 Bg5 22. Bf4 Bxf4 23. Qxf4 Qg5 24. Qxg5 hxg5 25. f6 gxf6 26. exf6 Nd7 27. Kg3 Kh7 28. Rf2 Ne8 29. Raf1 Nd6 30.
Re2 Kh6 31. Nxe6 fxe6 32. Rxe6 Ne4+ 33. Nxe4 dxe4 34. f7+ Kg7 35. Rg6+ Kh7 36. Rxg5 Ra7 37. h6 Raa8 38. Rd1 Ra7 39.
Rg7+ Kh8 40. g5 Ne5 41. Rd5 Re7 42. Rxe5 Rxe5 43. g6 Rg5+ 44. Kf4 Rxg6 45. Rxg6 Rxf7+ 46. Kxe4 Rc7 47. c3 a5 48.
Rb6 Rc5 49. Kd4 Rh5 50. Kd3 Kh7 51. Rc6 Rh2 52. b4 Ra2 53. bxa5 Rxa3 54. a6 b4 55. a7 bxc3 1/2-1/2

[Event "32nd NATO Chess Championship"]
[Site "Tartu, Estonia"]
[Date "2022.06.27"]
[Round "1.43"]
[White "Boudry, Rik"]
[Black "Pazeriene, Diana"]
[Result "0-1"]
[TimeControl "90 min + 30 sec increment from move one"]
[WhiteFideId "237540"]
[BlackFideId "12802190"]
[WhiteElo "1468"]
[BlackElo "1930"]

1. e4 c6 2. d4 d5 3. exd5 cxd5 4. Bd3 Nf6 5. Bf4 Bg4 6. Qd2 Nc6 7. c3 e6 8. Ne2 Bh5 9. h3 Be7 10.
O-O Bg6 11. Bxg6 hxg6 12. Ng3 Rc8 13. Qd3 Bd6 14. Bxd6 Qxd6 15. Re1 a6 16. Nd2 Ne7 17. Nf3 b5 18. Rac1 O-O 19. Ne5 Nd7 20.
Qe3 Nxe5 21. Qxe5 Qxe5 22. Rxe5 Rc6 23. Ree1 Rfc8 24. a3 a5 25. Ne2 Nf5 26. b4 axb4 27. axb4 Ra6 28. Kh2 Ra3 29.
Ra1 Rca8 30. Rxa3 Rxa3 31. g4 Nd6 32. Kg3 Ne4+ 33.
Kf4 Nxf2 0-1

[Event "32nd NATO Chess Championship"]
[Site "Tartu, Estonia"]
[Date "2022.06.27"]
[Round "1.45"]
[White "Sui, Andres"]
[Black "Farrell, John"]
[Result "0-1"]
[TimeControl "90 min + 30 sec increment from move one"]
[WhiteFideId "4507029"]
[BlackFideId "2024608"]
[WhiteElo "1288"]
[BlackElo "1913"]

1. g3 Nf6 2. c4 c5 3. Nc3 Nc6 4. Bg2 g6 5. e3 Bg7 6. Nf3 O-O 7. O-O d5 8. cxd5 Nxd5 9. a3 Nc7 10.
Qc2 e5 11. d3 Ne6 12. Rd1 Rb8 13. Ne2 Qe7 14. Bd2 a6 15. Rab1 b5 16. b4 Bb7 17. bxc5 Qxc5 18. Qb3 Qd6 19.
Bb4 Nxb4 20. axb4 Rfd8 21. Rbc1 Rbc8 22. Rxc8 Bxc8 23. Rc1 Bb7 24. Rd1 h6 25. h4 Bf8 26. Qc3 Bg7 27. Qb3 Bd5 28.
Qc3 e4 29. Nfd4 exd3 30. Rxd3 Bc4 31. Nxe6 Bxc3 32. Rxd6 Rxd6 33. Nxc3 Bxe6 34. Bb7 Rd3 35. Ne4 Rd1+ 36. Kg2 Rb1 37.
Nc5 Rxb4 38. Nxa6 Rb2 39. Nc5 b4 40. Ba6 Rc2 41. Nd3 b3 42. Nb4 b2 43. Bd3 b1=Q 0-1

[Event "32nd NATO Chess Championship"]
[Site "Tartu, Estonia"]
[Date "2022.06.28"]
[Round "2.1"]
[White "Stein, Robert"]
[Black "Tustanowski, Mateusz"]
[Result "1-0"]
[TimeControl "90 min + 30 sec increment from move one"]
[WhiteTitle "FM"]
[WhiteFideId "12921084"]
[BlackFideId "1169866"]
[WhiteElo "2365"]
[BlackElo "2036"]

1. d4 Nf6 2. c4 g6 3. g3 Bg7 4. Bg2 d6 5. Nf3 O-O 6. O-O Nbd7 7. Nc3 e5 8. e4 exd4 9. Nxd4 Re8 10.
Re1 Nc5 11. Bf4 Ne6 12. Be3 Ng4 13. Qxg4 Nxd4 14. Qd1 c5 15. Qd2 Be6 16. Ne2 Nc6 17. Rac1 Ne5 18. b3 Bg4 19. Nc3 Nf3+ 20.
Bxf3 Bxf3 21. Bh6 Qd7 22. Qf4 Bxh6 23. Qxh6 f5 24. Nd5 Qf7 25. exf5 Bxd5 26. fxg6 hxg6 27. cxd5 Rxe1+ 28. Rxe1 Re8 29.
Rxe8+ Qxe8 30. Qe3 Qf7 31. Qd3 Qf6 32. a4 a6 33. h4 Kg7 34. Kg2 Qe5 35. f4 Qb2+ 36. Kh3 Qf2 37. Kg4 Qb2 38.
a5 Qa1 39. Qe2 Kh6 40. Qd2 Kg7 41. f5 gxf5+ 42. Kxf5 Qe5+ 43. Kg4 Qe4+ 44. Qf4 Qe2+ 45. Qf3 Qd2 46. Qe4 Qd1+ 47. Kg5 Qxb3 48.
Qe7+ Kg8 49. Kh6 1-0

[Event "32nd NATO Chess Championship"]
[Site "Tartu, Estonia"]
[Date "2022.06.28"]
[Round "2.2"]
[White "Jacob, Tobias"]
[Black "Pedersen, Finn"]
[Result "0-1"]
[TimeControl "90 min + 30 sec increment from move one"]
[BlackTitle "FM"]
[WhiteFideId "12903221"]
[BlackFideId "1400762"]
[WhiteElo "2013"]
[BlackElo "2300"]

1. c4 c6 2. g3 d5 3. Bg2 Nf6 4. Nf3 Bf5 5. Qb3 Qb6 6. d3 e6 7. Be3 dxc4 8. Qxc4 Qb4+ 9. Qxb4 Bxb4+ 10. Nc3 Nbd7 11. O-O h6 12. a3 Be7 13. b4 a6 14. Nd4 Bh7 15. Nb3 Nd5 16. Nxd5 cxd5 17. Rac1 Bd6 18. Na5 b6 19.
Rc6 bxa5 20. Rxd6 axb4 21. axb4 Ke7 22. Rc6 Rhc8 23. Rxc8 Rxc8 24. Ra1 Rc6 25. f4 Kd6 26. Kf2 f6 27.
Ra5 g5 28. g4 Bg8 29. Kg3 e5 30. fxe5+ Nxe5 31. Bc5+ Kc7 32. Bf8 Rc2 33. Bf3 Kb6 34. Bc5+ Kb7 35. Be7 Nc6 36. Rc5 Nxb4 37.
Rxc2 Nxc2 38. Bxf6 a5 39. e4 Kc6 40. Bg7 d4 41. Bd1 Bb3 42. Bxh6 a4 43. Bg7 Kc5 44. Bf8+ Kb5 45. h4 gxh4+ 46. Kxh4 Nb4 47. Bg7 Nc6 48. e5 Bxd1 49. e6 Bb3 50. e7 Bf7 51. Kg5 a3 0-1

[Event "32nd NATO Chess Championship"]
[Site "Tartu, Estonia"]
[Date "2022.06.28"]
[Round "2.3"]
[White "Pavlidis, Anastasios"]
[Black "Hernandez, Albert"]
[Result "1-0"]
[TimeControl "90 min + 30 sec increment from move one"]
[WhiteTitle "IM"]
[WhiteFideId "4208404"]
[BlackFideId "2075407"]
[WhiteElo "2296"]
[BlackElo "2012"]

1. d4 Nf6 2. c4 g6 3. Nf3 Bg7 4. g3 O-O 5. Bg2 d6 6. O-O Nbd7 7. Nc3 e5 8. e4 c6 9. h3 Qc7 10.
Be3 Re8 11. Qc2 Nf8 12. Rfd1 Bd7 13. c5 dxc5 14. dxe5 Nh5 15. g4 Bxe5 16. gxh5 Qc8 17. hxg6 Nxg6 18. Nxe5 Rxe5 19. f4 Bxh3 20.
fxe5 Nh4 21. Bg5 1-0

[Event "32nd NATO Chess Championship"]
[Site "Tartu, Estonia"]
[Date "2022.06.28"]
[Round "2.4"]
[White "Aagaard, Gert"]
[Black "Wang, Eigen"]
[Result "0-1"]
[TimeControl "90 min + 30 sec increment from move one"]
[WhiteFideId "1427024"]
[BlackFideId "2008777"]
[WhiteElo "1979"]
[BlackElo "2293"]

1. d4 Nf6 2. Bf4 g6 3. Nf3 Bg7 4. Nbd2 d5 5. e3 O-O 6. Ne5 c5 7. c3 Nh5 8. Bd3 Nc6 9. Nxc6 bxc6 10. dxc5 e5 11. Bg3 f5 12.
f3 Qg5 13. f4 exf4 14. Bxf4 Nxf4 15. exf4 Re8+ 16. Kf1 Qxf4+ 17. Nf3 Rb8 18. Rb1 a5 19. Qd2 Re3 20. Rd1 Bh6 21. Qf2 Rxd3 22.
Rxd3 Ba6 23. Ne1 Rxb2 24. Qxf4 Bxf4 25. h4 Bg3 26. Rh3 f4 0-1

[Event "32nd NATO Chess Championship"]
[Site "Tartu, Estonia"]
[Date "2022.06.28"]
[Round "2.5"]
[White "Papasimakopoulos, Alexandros"]
[Black "Cirkvencic, Franci"]
[Result "1-0"]
[TimeControl "90 min + 30 sec increment from move one"]
[WhiteTitle "CM"]
[WhiteFideId "4244125"]
[BlackFideId "14600528"]
[WhiteElo "2259"]
[BlackElo "2000"]

1. d4 d5 2. c4 e6 3. Nc3 Be7 4. cxd5 exd5 5. Bf4 c6 6. e3 Nf6 7. Bd3 O-O 8. Qc2 Re8 9. Nf3 Nbd7 10. O-O Nf8 11. h3 Ne6 12. Bh2 g6 13. Ne5 Ng7 14. g4 Bd6 15. Bg3 Bxe5 16. dxe5 Nd7 17. f4 Nc5 18. Be2 h5 19. Rad1 Qe7 20. Rxd5 cxd5 21. Nxd5 Qf8 22. Nf6+ Kh8 23. Nxe8 Nxe8 24. b4 Na6 25. f5 gxf5 26. gxf5 Qg7 27. Kh2 h4 28. Bf4 Qh7 29. e6 Bxe6 30. Qc3+ Qg7 31. Qxg7+ Nxg7 32. Be5 Bxf5 33. Rxf5 Kh7 34. Rxf7 Rg8 35. Rxb7 1-0

[Event "32nd NATO Chess Championship"]
[Site "Tartu, Estonia"]
[Date "2022.06.28"]
[Round "2.6"]
[White "Pietruszewski, Marcin"]
[Black "Duren, Andrew"]
[Result "1/2-1/2"]
[TimeControl "90 min + 30 sec increment from move one"]
[WhiteFideId "1170295"]
[BlackFideId "2019663"]
[WhiteElo "2195"]
[BlackElo "1997"]

1. e4 c5 2. Nf3 g6 3. d4 cxd4 4. Nxd4 Bg7 5. c4 Nc6 6. Be3 Nf6 7. Nc3 O-O 8. Be2 d6 9. O-O Nxd4 10. Bxd4 Bd7 11. Qd2 Bc6 12. f3 a5 13. b3 Nd7 14. Be3 Nc5 15. Rab1 e6 16. Kh1 f5 17. exf5 gxf5 18. Rfd1 Be5 19. Bd4 Qe7 20. Bxe5 dxe5 21. Qe3 e4 22. fxe4 Nxe4 23. Bf3 Qc5 24. Qxc5 Nxc5 25. Bxc6 bxc6 26. Rd6 Rac8 27. Rbd1 Kf7 28. Kg1 Ke7 29. Kf2 Rfd8 30. Rxd8 Rxd8 31. Rxd8 Kxd8 32. Ke3 Ke7 33. Nb1 e5 34. g3 Kf6 35. Nd2 Ne6 36. Nf3 e4 37. Nd2 Ke5 38. Nb1 h5 39. Nc3 Nd4 40. h4 Nc2+ 41. Kd2 Nd4 42. Ke3 Nc2+ 43. Kd2 Nd4 44. Ke3 Nc2+ 1/2-1/2

[Event "32nd NATO Chess Championship"]
[Site "Tartu, Estonia"]
[Date "2022.06.28"]
[Round "2.7"]
[White "Pirs, Matjaz"]
[Black "Sycz, Dariusz"]
[Result "0-1"]
[TimeControl "90 min + 30 sec increment from move one"]
[WhiteFideId "14606941"]
[BlackFideId "1138650"]
[WhiteElo "1965"]
[BlackElo "2189"]

1. d4 Nf6 2. Bf4 c5 3. d5 d6 4. c4 b5 5. cxb5 a6 6. e3 g6 7. Nc3 Bg7 8. e4 O-O 9. a4 Qa5 10.
Bd2 axb5 11. Bxb5 Ba6 12. Ra3 Nbd7 13. Nf3 Bxb5 14. Nxb5 Qb6 15. Qc2 Ra6 16. Bc3 Rfa8 17. O-O Qb7 18.
Nd2 Nb6 19. b3 Nfd7 20. Bxg7 Kxg7 21. h3 Kg8 22. f4 c4 23. Nxc4 Rc8 24. Qe2 Nxc4 25. bxc4 Nb6 26. Rc1 Rxa4 27.
Rxa4 Nxa4 28. Kh2 Nb6 29. Nd4 Rc5 30. Nb3 Rc7 31. Na5 Qa6 32. Nc6 Qa3 33. Qe1 Qc5 34. Qg1 Qxg1+ 35. Kxg1 e6 36.
Kf2 f5 37. exf5 exd5 38. cxd5 Nxd5 39. Kf3 Nb4 40. fxg6 hxg6 41. Ke4 Nxc6 42. g4 d5+ 43. Kf3 Kf7 44. h4 Nd4+ 0-1

[Event "32nd NATO Chess Championship"]
[Site "Tartu, Estonia"]
[Date "2022.06.28"]
[Round "2.8"]
[White "Cichy, Kamil"]
[Black "Nielsen, Jan Mose"]
[Result "1-0"]
[TimeControl "90 min + 30 sec increment from move one"]
[WhiteFideId "1177257"]
[BlackFideId "1405306"]
[WhiteElo "2179"]
[BlackElo "1991"]

1. e4 c6 2. d4 d5 3. Nc3 dxe4 4. Nxe4 g6 5. Bc4 Bg7 6. Nf3 e6 7. Bf4 Nf6 8. Nd6+ Kf8 9. Ng5 Qa5+ 10.
Bd2 Qc7 11. Ndxf7 Rg8 12. Bb4+ Ke8 13. Nd6+ 1-0

[Event "32nd NATO Chess Championship"]
[Site "Tartu, Estonia"]
[Date "2022.06.28"]
[Round "2.9"]
[White "Koopmeiners, Karl"]
[Black "Valeinis, Janis"]
[Result "0-1"]
[TimeControl "90 min + 30 sec increment from move one"]
[WhiteFideId "24624373"]
[BlackFideId "11601450"]
[WhiteElo "1946"]
[BlackElo "2176"]

1. d4 Nf6 2. c4 g6 3. Nf3 Bg7 4. g3 O-O 5. Bg2 d6 6. O-O Nbd7 7. Nc3 e5 8. e4 c6 9. h3 exd4 10.
Nxd4 Qb6 11. Nb3 Ne8 12. Bg5 f6 13. Be3 Qb4 14. Qe2 a5 15. Rab1 a4 16. Nd2 Nc5 17. f4 f5 18. g4 a3 19.
exf5 gxf5 20. Nd5 cxd5 21. bxa3 Qxa3 22. Bxd5+ Kh8 23. g5 Nc7 24. Nb3 Nxd5 25. cxd5 Qxa2 26. Qxa2 Rxa2 27. Nxc5 dxc5 28.
Bxc5 Rd8 29. Rbd1 Bd7 30. Rfe1 Kg8 31. Bd6 Bf8 32. Be5 Bc5+ 33. Kh1 Ba4 0-1

[Event "32nd NATO Chess Championship"]
[Site "Tartu, Estonia"]
[Date "2022.06.28"]
[Round "2.10"]
[White "Bohn, Ulrich"]
[Black "Stankowski, Aleksander"]
[Result "1-0"]
[TimeControl "90 min + 30 sec increment from move one"]
[WhiteFideId "4656105"]
[BlackFideId "1137603"]
[WhiteElo "2168"]
[BlackElo "1971"]

1. d4 Nf6 2. Bf4 g6 3. Nc3 d5 4. e3 Bg7 5. h4 O-O 6. h5 Nxh5 7. Rxh5 gxh5 8. Qxh5 f5 9. Nf3 c6 10.
Bd3 Qe8 11. Qh2 Nd7 12. g4 Nf6 13. Ne5 fxg4 14. O-O-O Qh5 15. Qg2 Qh3 16. Qg1 Nh5 17. Bg5 g3 18. f4 Re8 19. Qh1 g2 20.
Qxh3 Bxh3 21. Ne2 Bxe5 22. dxe5 e6 23. Ng1 Bf5 24. Bxf5 exf5 25. Rd2 Kf7 26. Rxg2 Rg8 27. Rh2 h6 28.
Rxh5 hxg5 29. Nf3 c5 30. Nxg5+ Kg6 31. Rh1 Rh8 32. Rg1 Rh4 33. Rd1 d4 34. exd4 Rxf4 35. Ne6 Rf2 36. d5 f4 37.
d6 Kf5 38. Nxc5 Re2 39. Nd3 Rd8 40. Rf1 Re4 41. Kd2 b6 42. b3 Ke6 43. Rh1 f3 44. Rh6+ Kd5 45. Rf6 Re2+ 46. Kd1 Rxe5 47.
Nxe5 Kxe5 48. Rxf3 Rxd6+ 49. Rd3 Rc6 50.
a4 a5 51. Kd2 Rh6 52. Kc3 Rc6+ 53. Kb2 Rh6 54. Rd2 Rc6 55. c4 Rh6 56. Rd3 Rg6 57. Kc3 Rh6 58. b4 Ke4 59. Rd4+ Ke3 60.
bxa5 bxa5 61. Rd5 Ra6 62. Re5 Kf4 63. Re8 Rc6 64. Kd4 Kf5 65. Kd5 Rb6 66. Ra8 Kf6 67. c5 Rb1 68. Kd6 Rd1+ 69.
Kc7 Ke7 70. c6 Rd5 71. Kb6 Rd1 72. c7 Rb1+ 73. Kxa5 1-0

[Event "32nd NATO Chess Championship"]
[Site "Tartu, Estonia"]
[Date "2022.06.28"]
[Round "2.11"]
[White "Jauk, Wilhelm"]
[Black "Cheung, Jan"]
[Result "0-1"]
[TimeControl "90 min + 30 sec increment from move one"]
[WhiteFideId "24681067"]
[BlackFideId "1010735"]
[WhiteElo "2156"]
[BlackElo "1964"]

1. d4 Nf6 2. Nf3 g6 3. c4 Bg7 4. Nc3 d5 5. cxd5 Nxd5 6. e4 Nxc3 7. bxc3 c5 8. Be3 Qa5 9. Qd2 O-O 10.
Rc1 Nd7 11. Bd3 Nf6 12. h3 b6 13. d5 c4 14. Bb1 Bb7 15. Nd4 Rfd8 16. Qe2 Rac8 17. O-O b5 18. Qb2 a6 19. Bc2 e6 20.
dxe6 Nxe4 21. exf7+ Kxf7 22. Bb1 Nxc3 23. Rxc3 Bxd4 24. Bxd4 Rxd4 25. Rf3+ Bxf3 26. Qxd4 Bc6 27. Rd1 Re8 28.
Kh2 Qc7+ 29. f4 Re2 30. Rg1 g5 31. Qc5 Qxf4+ 32. Kh1 Rxg2 33. Rxg2 Qf1+ 34. Qg1 Bxg2+ 0-1

[Event "32nd NATO Chess Championship"]
[Site "Tartu, Estonia"]
[Date "2022.06.28"]
[Round "2.12"]
[White "Peraino, Andrew"]
[Black "Graczyk, Damian"]
[Result "0-1"]
[TimeControl "90 min + 30 sec increment from move one"]
[WhiteFideId "30936187"]
[BlackFideId "1170716"]
[WhiteElo "1940"]
[BlackElo "2151"]

1. e4 d5 2. exd5 Qxd5 3. Nc3 Qd8 4. g3 Nf6 5. Bg2 Nc6 6. Nge2 e5 7. d3 Be7 8. Bg5 O-O 9. Qd2 Be6 10.
h3 Nd4 11. O-O-O c5 12. f4 exf4 13. Nxf4 Rb8 14. g4 b5 15. Nxe6 Nxe6 16. Be3 b4 17. Ne2 Nd5 18. Bxd5 Qxd5 19.
Kb1 a5 20. Rhf1 a4 21. Rf5 Qb7 22. Rdf1 Rbd8 23. Ng3 b3 24. cxb3 axb3 25. a3 c4 26. d4 Bh4 27. Ne2 g6 28.
R5f3 Rd7 29. Nc3 Rfd8 30. d5 Nc7 31. Bd4 Nxd5 32. Qh6 Nxc3+ 33. bxc3 Qe4+ 34. Ka1 Rxd4 35. cxd4 Qxd4+ 36. Kb1 Qe4+ 37.
Ka1 Qc2 0-1

[Event "32nd NATO Chess Championship"]
[Site "Tartu, Estonia"]
[Date "2022.06.28"]
[Round "2.13"]
[White "Pavlidou, Ekaterini"]
[Black "Randall, Gordon"]
[Result "1-0"]
[TimeControl "90 min + 30 sec increment from move one"]
[WhiteTitle "WIM"]
[WhiteFideId "4213262"]
[BlackFideId "2056518"]
[WhiteElo "2146"]
[BlackElo "1954"]

1. d4 Nf6 2. c4 c5 3. d5 e6 4. Nc3 exd5 5. cxd5 d6 6. Nf3 g6 7. h3 Bg7 8. Bf4 O-O 9. e3 a6 10.
a4 b6 11. Nd2 Qc7 12. Nc4 Ne8 13. Ne4 Be5 14. Nxe5 dxe5 15. Bh6 Ng7 16. Nf6+ Kh8 17. Qf3 Ra7 18. g4 Qd6 19. e4 Rc7 20.
Be2 c4 21. h4 Nd7 22. g5 b5 23. h5 Nxf6 24. Qxf6 Qb4+ 25. Kf1 Rg8 26. Bxg7+ Rxg7 27. h6 1-0

[Event "32nd NATO Chess Championship"]
[Site "Tartu, Estonia"]
[Date "2022.06.28"]
[Round "2.14"]
[White "Pazeriene, Diana"]
[Black "Kedzierski, Slawomir"]
[Result "1/2-1/2"]
[TimeControl "90 min + 30 sec increment from move one"]
[WhiteFideId "12802190"]
[BlackFideId "1134949"]
[WhiteElo "1930"]
[BlackElo "2133"]

1. d4 Nf6 2. c4 e6 3. Nf3 b6 4. Nc3 Bb7 5. Bg5 Be7 6. e3 O-O 7. Be2 h6 8. Bxf6 Bxf6 9. O-O d5 10.
cxd5 exd5 11. Qb3 c6 12. Rfe1 Nd7 13. Bd3 Re8 14. e4 dxe4 15. Nxe4 Be7 16. Bc4 Rf8 17. Rad1 Nf6 18. Ne5 Nd5 19.
Nc3 Rc8 20. Nxc6 Bxc6 21. Bxd5 Bxd5 22. Nxd5 Bd6 23. Ne3 Qh4 24. g3 Qh3 25. Nc4 Rcd8 26. Nxd6 Rxd6 27. Rd3 Qd7 28. Red1 Rd5 29.
h4 Rd8 30. Qc3 Qh3 31. Qc7 R8d7 32. Qb8+ Kh7 33. Qf4 g5 34. hxg5 hxg5 35. Qe4+ Kg7 36. g4 Qh6 1/2-1/2

[Event "32nd NATO Chess Championship"]
[Site "Tartu, Estonia"]
[Date "2022.06.28"]
[Round "2.15"]
[White "Mouroutis, Konstantinos"]
[Black "Dekker, Ard"]
[Result "1-0"]
[TimeControl "90 min + 30 sec increment from move one"]
[WhiteFideId "4204689"]
[BlackFideId "1014528"]
[WhiteElo "2133"]
[BlackElo "1932"]

1. d4 Nf6 2. Bf4 d5 3. e3 e6 4. Nd2 c5 5. c3 Nc6 6. Ngf3 Bd6 7. Bg3 O-O 8. Bd3 b6 9. Ne5 Bxe5 10.
dxe5 Nd7 11. f4 f6 12. Nf3 Qe8 13. exf6 gxf6 14. e4 Ne7 15. Qe2 Qf7 16. O-O Bb7 17. Rae1 Rae8 18. exd5 exd5 19.
Qd1 Bc6 20. Nh4 Kh8 21. f5 Nc8 22. Re6 Bb7 23. Rfe1 Rg8 24. Ng6+ hxg6 25. fxg6 Qxe6 26. Rxe6 Rxe6 27. Qh5+ Kg7 28. Qh7+ 1-0

[Event "32nd NATO Chess Championship"]
[Site "Tartu, Estonia"]
[Date "2022.06.28"]
[Round "2.16"]
[White "Onley, David E"]
[Black "Choina, Michal"]
[Result "1-0"]
[TimeControl "90 min + 30 sec increment from move one"]
[WhiteFideId "419311"]
[BlackFideId "1166565"]
[WhiteElo "2083"]
[BlackElo "1927"]

1. e4 c5 2. Nf3 e6 3. d4 cxd4 4. Nxd4 a6 5. Nc3 Qc7 6. g3 Nf6 7. Bg2 Bc5 8. O-O d6 9. Nb3 Ba7 10.
Qe2 h6 11. Be3 Bxe3 12. Qxe3 Ng4 13. Qe2 Ne5 14. Nd2 Nbc6 15. f4 Qb6+ 16. Kh1 Qxb2 17. Na4 Qb4 18. fxe5 Nxe5 19. Nb3 Qxa4 20.
Rad1 Qc6 21. Rd4 Ke7 22. Rfd1 Rd8 23. Qh5 b6 24. Qh4+ f6 25. R4d2 Qe8 26. Qf4 Bb7 27. Nd4 g5 28.
Qf1 Qg6 29. Re2 Rac8 30. Qe1 Rc4 31. Kg1 h5 32. h3 h4 33. g4 Qf7 34. Re3 Kf8 35. Bf1 Rcc8 36. Qb4 b5 37. a4 Nc4 38.
Ree1 Rc5 39. axb5 a5 40. Qb3 Rdc8 41. Nc6 Bxc6 42. Bxc4 Bd7 43. Bd3 e5 44. Qa3 Qe8 45. b6 Rb8 46.
Bc4 Rxc4 47. Qxd6+ Kf7 48. Rf1 Be6 49. Qxe5 Qe7 50. Qxb8 Qc5+ 51. Kh1 Qe3 52. Qb7+ Kg6 53. Rd3 Qxe4+ 54. Qxe4+ Rxe4 55. Rb1 Bc8 56. b7 Bxb7 57. Rxb7 Re1+ 58. Kg2 Re2+ 59. Kf3 Rxc2 60. Ra7 1-0

[Event "32nd NATO Chess Championship"]
[Site "Tartu, Estonia"]
[Date "2022.06.28"]
[Round "2.17"]
[White "Tammisto, Janek"]
[Black "Keough, Robert"]
[Result "0-1"]
[TimeControl "90 min + 30 sec increment from move one"]
[WhiteFideId "4510950"]
[BlackFideId "410667"]
[WhiteElo "1881"]
[BlackElo "2074"]

1. d4 Nf6 2. Nf3 g6 3. c4 Bg7 4. Nc3 O-O 5. e4 d6 6. Be2 e5 7. d5 Na6 8. Bg5 h6 9. Bh4 Qe8 10.
O-O Nc5 11. Bxf6 Bxf6 12. b4 Nd7 13. a4 a5 14. Nb5 Bd8 15. c5 dxc5 16. bxc5 Nxc5 17. Qc1 Nxe4 18. Qxh6 c6 19. dxc6 bxc6 20.
Rae1 Bf5 21. Bd3 cxb5 22. Bxe4 Bxe4 23. Rxe4 Bf6 24. axb5 Qxb5 25. Ng5 Bxg5 26. Qxg5 Rfe8 27. Rh4 Qb6 28.
Qh6 Qf6 29. Re1 Qg7 30. Qxg7+ Kxg7 31. Rhe4 a4 32. Rxe5 Rxe5 33. Rxe5 a3 34. Re1 a2 35. Ra1 Rb8 0-1

[Event "32nd NATO Chess Championship"]
[Site "Tartu, Estonia"]
[Date "2022.06.28"]
[Round "2.18"]
[White "Nikomanis, Andreas"]
[Black "Farrell, John"]
[Result "1/2-1/2"]
[TimeControl "90 min + 30 sec increment from move one"]
[WhiteFideId "4213831"]
[BlackFideId "2024608"]
[WhiteElo "2068"]
[BlackElo "1913"]

1. e4 e5 2. Nf3 Nf6 3. Nxe5 d6 4. Nf3 Nxe4 5. d4 d5 6. Bd3 Bd6 7. O-O O-O 8. c4 c6 9. Qc2 Bf5 10.
Nc3 Re8 11. Re1 Na6 12. a3 Bg4 13. Bg5 f6 14. Bh4 g5 15. Bg3 f5 16. Be5 Nc7 17. c5 Be7 18. Bxc7 Qxc7 19. Ne5 Bh5 20.
f3 Bxc5 21. dxc5 Qxe5 22. fxe4 fxe4 23. Nxe4 dxe4 24. Rxe4 Qg7 25. Rb4 Rab8 26. Rf1 Bf7 27. h4 Re5 28. Rg4 h5 29. Rxg5 Rxg5 30.
hxg5 Qxg5 31. Bh7+ Kg7 32. Qc3+ Kxh7 33. Rxf7+ Kg8 34. Qc4 Kh8 35. Qd4+ Kg8 36. Qf2 Rd8 1/2-1/2